 Dungeon Crawl Stone Soup version 0.26-a0-1222-g14533b3512 (webtiles) character file.

Game seed: 1648097132458087231

1263 HoaS the Cleaver (level 8, 0/62 HPs)
             Began as a Minotaur Gladiator on Dec 31, 2020.
             Was an Initiate of Makhleb.
             Succumbed to a killer bee's poison
             ... on level 5 of the Dungeon.
             The game lasted 00:09:04 (4101 turns).

HoaS the Cleaver (Minotaur Gladiator)               Turns: 4101, Time: 00:09:04

Health: 0/62       AC: 13    Str: 20    XL:     8   Next: 27%
Magic:  7/7        EV:  6    Int:  5    God:    Makhleb [......]
Gold:   350        SH:  0    Dex: 13    Spells: 7/7 levels left

rFire    . . .     SeeInvis .   a - +1 war axe
rCold    . . .     Faith    .   (no shield)
rNeg     . . .     Spirit   .   r - +0 plate armour
rPois    .         Reflect  .   c - +1 hat
rElec    .         Harm     .   i - +1 cloak
rCorr    .         Rampage  .   (no gloves)
Will     .....                  (no boots)
Stlth    ..........             (no amulet)
HPRegen  0.20/turn              q - ring of stealth
MPRegen  0.10/turn              (no ring)

@: lethally poisoned (0 -> -13)
A: retaliatory headbutt, horns 2
a: Renounce Religion


You were on level 5 of the Dungeon.
You worshipped Makhleb.
Makhleb was noncommittal.
You visited 2 branches of the dungeon, and saw 7 of its levels.

You collected 350 gold pieces.

Inventory:

Hand Weapons
 a - a +1 war axe (weapon)
Missiles
 d - 4 throwing nets (quivered)
Armour
 c - a +1 hat (worn)
 i - a +1 cloak (worn)
 r - a +0 plate armour (worn)
Jewellery
 q - a ring of stealth (left hand)
Wands
 o - a wand of enslavement (7)
 p - a wand of flame (14)
Scrolls
 b - 3 scrolls of teleportation
 f - 3 scrolls of enchant weapon
 g - 3 scrolls of fog
 k - a scroll of enchant armour
 l - a scroll of identify
Potions
 e - a potion of lignification
 h - 4 potions of curing
 m - 2 potions of flight
 n - a potion of berserk rage
 s - a potion of attraction {unknown}


   Skills:
 - Level 2.4 Fighting
 + Level 12.2 Axes
 - Level 2.0 Throwing
 - Level 3.2 Dodging


You had 7 spell levels left.
You didn't know any spells.
Your spell library was empty.

Dungeon Overview and Level Annotations

Branches:
Dungeon (6/15)             Temple (1/1) D:4

Altars:
Ashenzari
Cheibriados
Dithmenos
Fedhas
Gozag
Makhleb
Nemelex Xobeh
Okawaru
Qazlal
Trog
Uskayaw
Vehumet
Wu Jian
Xom
Yredelemnul
The Shining One


Innate Abilities, Weirdness & Mutations

You reflexively headbutt those who attack you in melee.
You have a pair of horns on your head.


Message History

The killer bee is heavily wounded.
* * * LOW HITPOINT WARNING * * *
You feel sick. The killer bee stings you.
* * * LOW HITPOINT WARNING * * *
You are more poisoned.
The killer bee poisons you!
The killer bee stings you but does no damage.
You hit the killer bee but do no damage.
The killer bee is heavily wounded.
* * * LOW HITPOINT WARNING * * *
You feel sick. The killer bee barely misses you. The killer bee stings you.
* * * LOW HITPOINT WARNING * * *
You closely miss the killer bee.
The killer bee is heavily wounded.
* * * LOW HITPOINT WARNING * * *
You feel sick.
The killer bee stings you but does no damage. x2
You hit the killer bee. Your headbutt misses the killer bee.
The killer bee is heavily wounded.
You die...

...## ##......## #..# # ####
###........# ##..# # #
##..........# #...# # #
##...........# ##.### ##
#####............# ##.## #.
..##.............# #..# #.
.................######.## #.
........................# #.
.......†........@y.....#######
#.
#........).......[........<..#
##
##...........................##
#
##...........................###
##..####.....................#
##..###########.............##
##..######.............>....#
##........##...............#
#.....######...............#


You could see a killer bee.

Vanquished Creatures
  Menkaure (D:4)
  A water moccasin (D:4)
  A phantom (D:4)
  2 ogres (D:4)
  5 killer bees
  A centaur zombie (D:5)
  3 orc priests (D:4)
  A hound (D:4)
  A bullfrog skeleton (D:5)
  An iguana (D:5)
  Terence (D:2)
  2 orc wizards
  Natasha (thrice) (D:2)
  Robin (D:2)
  9 adders
  2 white imps
  An ooze (D:1)
  4 dart slugs
  3 leopard geckos
  10 orcs
  5 bats
  4 giant cockroaches
  17 goblins
  9 hobgoblins
  13 jackals
  2 quokkas
  A ball python (D:1)
  8 frilled lizards
  11 kobolds
  8 rats
131 creatures vanquished.

Notes
Turn   | Place    | Note
-------+----------+-------------------------------------------
     0 | D:1      | HoaS the Minotaur Gladiator began the quest for the Orb.
     0 | D:1      | Reached XP level 1. HP: 18/18 MP: 0/0
    75 | D:1      | Reached skill level 4 in Axes
    78 | D:1      | Reached XP level 2. HP: 25/25 MP: 1/1
   398 | D:1      | Reached skill level 5 in Axes
   624 | D:1      | Reached XP level 3. HP: 30/30 MP: 2/2
   810 | D:2      | Found a bloodstained altar of Trog.
   826 | D:2      | Found an iron altar of Okawaru.
   851 | D:2      | Noticed Natasha
   855 | D:2      | Killed Natasha
   856 | D:2      | Reached skill level 6 in Axes
   856 | D:2      | Reached XP level 4. HP: 37/37 MP: 3/3
   873 | D:2      | Found a basalt altar of Yredelemnul.
   883 | D:2      | Noticed Robin
  1005 | D:2      | Noticed Natasha
  1008 | D:2      | Killed Robin
  1011 | D:2      | Killed Natasha
  1137 | D:2      | Found an iron altar of Okawaru.
  1178 | D:2      | Noticed Natasha
  1187 | D:2      | Killed Natasha
  1188 | D:2      | Reached skill level 7 in Axes
  1188 | D:2      | Reached XP level 5. HP: 26/42 MP: 4/4
  1493 | D:2      | Noticed Terence
  1497 | D:2      | Killed Terence
  1744 | D:3      | Reached skill level 8 in Axes
  1888 | D:3      | Reached XP level 6. HP: 50/50 MP: 5/5
  1899 | D:3      | Found a faded altar of an unknown god.
  2165 | D:4      | Reached skill level 9 in Axes
  2278 | D:4      | Reached XP level 7. HP: 36/56 MP: 6/6
  2320 | D:4      | Noticed Menkaure
  2333 | D:4      | Killed Menkaure
  2334 | D:4      | Reached skill level 10 in Axes
  2347 | D:4      | Found a staircase to the Ecumenical Temple.
  2357 | Temple   | Entered the Ecumenical Temple
  2415 | Temple   | Became a worshipper of Makhleb the Destroyer
  3003 | D:4      | Reached skill level 11 in Axes
  3061 | D:5      | Entered Level 5 of the Dungeon
  3310 | D:5      | Reached XP level 8. HP: 62/62 MP: 7/7
  3363 | D:5      | Found a blossoming altar of Fedhas.
  4078 | D:6      | Reached skill level 12 in Axes
  4099 | D:5      | HP: 3/62 [killer bee (2)]
  4101 | D:5      | Succumbed to a killer bee's poison

Illustrated notes

Levels and vault maps discovered:
D:1:      mainiacjoe_arrival_reflecting_pool, layout_basic, nrook_loot_triangle
D:2:      layout_rooms, marbit_many_paths, lemuel_crystal_altar,
          overflow_temple_1_default, serial_glass, glass_columns_a,
          glass_columns_b, okawaru_metal_pillars_1_2, uniq_terence, uniq_robin,
          uniq_natasha
D:3:      layout_rooms, chequers_ecumenical_altar_simple
D:4:      layout_loops_cross, minmay_temple_entry_wispy, uniq_menkaure
D:5:      layout_cave_pods, fedhas_altar_fruit_tree
D:6:      layout_basic, old_standard_altar, gammafunk_temple_overflow_elements,
          gup_sewer_entry_spiral
Temple:   cyrus_circular_temple

Skill      XL: |  1  2  3  4  5  6  7  8 |
---------------+-------------------------+-----
Axes           | 4 5 6 7 8 9 11 12 | 12.2
Fighting       | |  2.4
Throwing       | |  2.0
Dodging        | |  3.2

Action                   |  1- 3 |  4- 6 |  7- 9 || total
-------------------------+-------+-------+-------++-------
Melee: War axe           |    52 |   134 |   124 ||   310
       Headbutt          |     8 |    28 |    24 ||    60
Throw: Throwing net      |       |     1 |       ||     1
  Use: Scroll            |     9 |     3 |     6 ||    18
       Potion            |       |       |     1 ||     1
Armor: Leather armour    |     2 |       |       ||     2
       Ring mail         |    13 |    56 |     2 ||    71
       Plate armour      |       |       |    91 ||    91
Dodge: Dodged            |    28 |    93 |    39 ||   160

Table legend: (Time is in decaauts)
 A = Elapsed time spent in this place.
 B = Non-inter-level travel time spent in this place.
 C = Inter-level travel time spent in this place.
 D = Time resting spent in this place.
 E = Time spent auto-exploring this place.
 F = Levels seen in this place.
 G = Mean time per level.
                   A        B        C        D        E       F      G
               +--------+--------+--------+--------+--------+-----+--------+
         Total |   4132 |   3899 |    233 |    849 |   2274 |   7 |  590.3 |
       Dungeon |   4065 |   3853 |    212 |    849 |   2231 |   6 |  677.5 |
        Temple |     67 |     46 |     21 |      0 |     43 |   1 |   67.0 |
               +--------+--------+--------+--------+--------+-----+--------+

Top non-repeatable levels by time:
     D:5: 992 daAuts
     D:4: 971 daAuts
     D:1: 837 daAuts
     D:2: 794 daAuts
     D:3: 426 daAuts
  Temple: 67 daAuts
     D:6: 42 daAuts
